 Dungeon Crawl Stone Soup version 0.22.1-2-g9c5b331383 (webtiles) character file.

105 Allula97 the Digger (level 4, 0/26 HPs)
             Began as a Gargoyle Earth Elementalist on Nov 29, 2018.
             Slain by an orc wizard
             ... wielding a +0 dagger
              (2 damage)
             ... on level 3 of the Dungeon.
             The game lasted 00:09:28 (1452 turns).

Allula97 the Digger (Gargoyle Earth Elementalist)   Turns: 1452, Time: 00:09:29

Health: 0/26       AC:  5    Str: 12    XL:     4   Next: 83%
Magic:  0/7        EV: 12    Int: 21    God:
Gold:   15         SH:  0    Dex: 10    Spells: 1/7 levels left

rFire    . . .     SeeInvis .   i - +0 short sword (venom)
rCold    . . .     Gourm    .   (no shield)
rNeg     + . .     Faith    .   n - +0 robe
rPois    ∞         Spirit   .   (no helmet)
rElec    +         Reflect  .   (no cloak)
rCorr    .         Harm     .   (no gloves)
MR       .....                  (no boots)
Stlth    ++........             (no amulet)
HPRegen  0.08/turn              (no ring)
MPRegen  0.10/turn              (no ring)

@: brilliant
A: negative energy resistance 1, electricity resistance, unbreathing,
petrification resistance, rot immunity, AC +3
a: no special abilities


You were on level 3 of the Dungeon.
You were not hungry.

You visited 1 branch of the dungeon, and saw 3 of its levels.

You collected 15 gold pieces.

Inventory:

Hand Weapons
 i - a +0 short sword of venom (weapon)
Missiles
 b - 42 stones
 g - 7 tomahawks
 j - 8 javelins (quivered)
 k - 16 poisoned needles
Armour
 n - a +0 robe (worn)
Scrolls
 a - a scroll of noise {unknown}
 m - a scroll of magic mapping {unknown}
Potions
 f - a potion of brilliance
 l - a potion of might {unknown}
Comestibles
 d - 4 rations
 h - 2 chunks of flesh


   Skills:
 * Level 2.1 Fighting
   Level 0.2 Maces & Flails
 * Level 2.0 Armour
 + Level 2.0 Dodging
 + Level 2.8 Stealth
 + Level 2.4 Spellcasting
 - Level 0.7 Transmutations
 + Level 4.0 Earth Magic


You had one spell level left.
You knew the following spells:

 Your Spells              Type           Power        Failure   Level  Hunger
a - Sandblast             Erth           ####..       1%          1    None
b - Passwall              Tmut/Erth      ####....     1%          2    ##.....
c - Stone Arrow           Conj/Erth      ###...       2%          3    ###....

Your spell library contained the following spells:

 Spells                   Type           Power        Failure   Level  Hunger
 Petrify                  Tmut/Erth      ####....     6%          4    ####...
 Lee's Rapid Deconstruct  Erth           ####......   9%          5    ######.


Dungeon Overview and Level Annotations

Branches:
Dungeon (3/15)

Altars:


Innate Abilities, Weirdness & Mutations

You are resistant to torment.
Your stone body is resilient. (AC +3)
You are immune to poison.
You resist negative energy. (rN+)
You are resistant to electric shocks. (rElec)
You can survive without breathing.
You are immune to petrification.
You are immune to rotting.


Message History

Casting: Sandblast (safe; 3% risk of failure)
Confirm with . or Enter, or press ? or * to list all spells.
Aiming: Sandblast (safe; 3% risk of failure)
Press: ? - help, Shift-Dir - straight line, p - orc The blast of sand hits something.
b - 43 stones The orc hits you but does no damage.
Something hits you but does no damage.
Casting: Sandblast (safe; 3% risk of failure)
Confirm with . or Enter, or press ? or * to list all spells.
Aiming: Sandblast (safe; 3% risk of failure)
Press: ? - help, Shift-Dir - straight line, f - orc
Aim: an orc, wielding a war axe and wearing a ring mail (almost dead)
The blast of sand hits the orc.
You kill the orc!
b - 42 stones Something hits you but does no damage. x2
It was a potion of brilliance.
You feel clever all of a sudden. Something hits you.
You die...

# ## . .. #. #.
#.##.##(## #........#
#..#...){#
..#.##.@####...
...............
#.###†#.###.#.##...#
###......†..#.#.###.#
##.#####.#...........###
#.........##............
##.#######.###.#.###.###
#.# ##.)..#.# #.#
####.#.#


There were no monsters in sight!

Vanquished Creatures
  An orc wizard (D:3)
  4 adders
  An ooze (D:2)
  A worm (D:2)
  2 leopard geckos
  An orc (D:3)
  A giant cockroach (D:2)
  5 goblins
  A hobgoblin (D:2)
  8 kobolds
  3 bats
  3 frilled lizards (D:2)
  4 rats
35 creatures vanquished.

Notes
Turn   | Place    | Note
-------+----------+-------------------------------------------
     0 | D:1      | Allula97 the Gargoyle Earth Elementalist began the quest
                  | for the Orb.
     0 | D:1      | Reached XP level 1. HP: 10/10 MP: 3/3
   432 | D:1      | Reached XP level 2. HP: 4/16 MP: 3/5
   439 | D:1      | Learned a level 2 spell: Passwall
   787 | D:2      | Reached skill level 1 in Fighting
   787 | D:2      | Reached skill level 1 in Armour
   819 | D:2      | Reached XP level 3. HP: 18/20 MP: 6/6
  1110 | D:2      | Reached XP level 4. HP: 6/25 MP: 5/7
  1377 | D:3      | Learned a level 3 spell: Stone Arrow
  1444 | D:3      | Reached skill level 4 in Earth Magic
  1452 | D:3      | Slain by an orc wizard

Skill      XL: |  1  2  3  4 |
---------------+-------------+-----
Fighting       | 1 2 |  2.1
Armour         | 1 2 |  2.0
Dodging        | 2 |  2.0
Earth Magic    | 4 |  4.0
Maces & Flails | |  0.2
Stealth        | |  2.8
Spellcasting   | |  2.4
Transmutations | |  0.7

Action                   |  1- 3 |  4- 6 || total
-------------------------+-------+-------++-------
Melee: Club              |    17 |       ||    17
       Unarmed           |    13 |       ||    13
       Short sword       |    41 |    15 ||    56
Throw: Javelin           |     2 |       ||     2
 Cast: Sandblast         |    14 |    15 ||    29
  Use: Potion            |       |     1 ||     1
 Stab: Sleeping          |     3 |     2 ||     5
  Eat: Chunk             |     1 |     1 ||     2
Armor: Robe              |    23 |    12 ||    35
Dodge: Dodged            |    49 |    10 ||    59
